ITL
DETROIT X-WINGS @ PORTLAND PRIVATEERS
07/19/2026
 
TOP OF THE 1ST
Detroit X-Wings batting - Pitching for Portland Privateers : LHP Pedro Santana
Pitching: LHP Pedro Santana
Batting: RHB Yoshitsune Kamida 0-0: Foul Ball, location: 2F
0-1: Ball
1-1: Fly out, F4 (Popup, 3D)
Batting: SHB Felipe Detorres 0-0: Fly out, F7 (Flyball, 78M)
Batting: RHB Chet Decker 0-0: Called Strike
0-1: Called Strike
0-2: SINGLE (Line Drive, 6MD)
Batting: LHB Juan Jose Pineda 0-0: Foul Ball, location: 2F
0-1: Called Strike
0-2: Foul Ball, location: 2F
0-2: Ball
1-2: Strikes out swinging
Top of the 1st over - 0 run(s), 1 hit(s), 0 error(s), 1 left on base; Detroit 0 - Portland 0
BOTTOM OF THE 1ST
Portland Privateers batting - Pitching for Detroit X-Wings : LHP Javier Duarte
Pitching: LHP Javier Duarte
Batting: RHB Luis Pineda 0-0: Called Strike
0-1: Fly out, F9 (Flyball, 9S)
Batting: RHB Juan Sánchez 0-0: Ball
1-0: Swinging Strike
1-1: Ball
2-1: SINGLE (Groundball, 56D)
Batting: LHB Juan Acotia 0-0: Ball
1-0: Foul Ball, location: 2F
1-1: Foul Ball, location: 2F
1-2: Ball
2-2: Ball
3-2: SINGLE (Groundball, 34D)
Juan Sánchez to second
Batting: SHB Patrick Larson 0-0: Ball
1-0: Ball
2-0: Ball
3-0: Base on Balls
Juan Sánchez to third
Juan Acotia to second
Batting: RHB Troy Lau 0-0: Foul Ball, location: 2F
0-1: Swinging Strike
0-2: Ball
1-2: Ball
2-2: Ball
3-2: Fly out, F6 (Line Drive, 6)
Batting: LHB Pedro Padilla 0-0: Ball
1-0: Foul Ball, location: 2F
1-1: GRAND SLAM HOME RUN (Flyball, 7LD), Distance : 345 ft
Batting: RHB Jorge Cora 0-0: Swinging Strike
0-1: Ball
1-1: Foul Ball, location: 2F
1-2: Ball
2-2: Foul Ball, location: 2F
2-2: Ball
3-2: Ground out 5-3 (Groundball, 56)
Bottom of the 1st over - 4 run(s), 3 hit(s), 0 error(s), 0 left on base; Detroit 0 - Portland 4
TOP OF THE 2ND
Detroit X-Wings batting - Pitching for Portland Privateers : LHP Pedro Santana
Batting: SHB Jaime Montés 0-0: Ball
1-0: Ball
2-0: Ball
3-0: Base on Balls
Batting: RHB Domingo Ávila 0-0: Swinging Strike
0-1: Swinging Strike
0-2: Strikes out swinging
Batting: RHB Ernesto Acosta 0-0: Ball
1-0: Ball
2-0: Swinging Strike
2-1: Ground out 4-3 (Groundball, 4M)
Jaime Montés to second
Batting: LHB Jeremy Cox 0-0: Swinging Strike
0-1: Ball
1-1: Called Strike
1-2: Ball
2-2: Fly out, F7 (Flyball, 7LD)
Top of the 2nd over - 0 run(s), 0 hit(s), 0 error(s), 1 left on base; Detroit 0 - Portland 4
BOTTOM OF THE 2ND
Portland Privateers batting - Pitching for Detroit X-Wings : LHP Javier Duarte
Batting: LHB Yasuhiko Onodera 0-0: Ball
1-0: Ground out 6-3 (Groundball, 6)
Batting: RHB Luther Stoffels 0-0: Ball
1-0: Foul Ball, location: 2F
1-1: Fly out, F9 (Flyball, 9M)
Batting: RHB Luis Pineda 0-0: Ball
1-0: Called Strike
1-1: Ball
2-1: Foul Ball, location: 2F
2-2: Foul Ball, location: 2F
2-2: Ball
3-2: Fly out, F8 (Line Drive, 89D)
Bottom of the 2nd over - 0 run(s), 0 hit(s), 0 error(s), 0 left on base; Detroit 0 - Portland 4
TOP OF THE 3RD
Detroit X-Wings batting - Pitching for Portland Privateers : LHP Pedro Santana
Batting: LHB Luis Padilla 0-0: Called Strike
0-1: Called Strike
0-2: Ball
1-2: Strikes out swinging
Batting: RHB Yoshitsune Kamida 0-0: Ball
1-0: Ball
2-0: Called Strike
2-1: Ball
3-1: Foul Ball, location: 2F
3-2: Foul Ball, location: 2F
3-2: Base on Balls
Batting: SHB Felipe Detorres 0-0: Ball
1-0: Fly out, F8 (Flyball, 8RM)
Batting: RHB Chet Decker 0-0: DOUBLE (Flyball, 8RD)
Yoshitsune Kamida to third
Runner from 3rd tries for Home, SAFE, no throw or cutoff
Batting: LHB Juan Jose Pineda 0-0: Ball
1-0: Ball
2-0: Called Strike
2-1: Ball
3-1: Swinging Strike
3-2: Foul Ball, location: 2F
3-2: Foul Ball, location: 2F
3-2: SINGLE (Line Drive, 78M)
Chet Decker to third
Chet Decker scores
Batting: SHB Jaime Montés 0-0: Ball
1-0: Fly out, F8 (Popup, 6D)
Top of the 3rd over - 2 run(s), 2 hit(s), 0 error(s), 1 left on base; Detroit 2 - Portland 4
BOTTOM OF THE 3RD
Portland Privateers batting - Pitching for Detroit X-Wings : LHP Javier Duarte
Batting: RHB Juan Sánchez 0-0: Ball
1-0: Foul Ball, location: 2F
1-1: Foul Ball, location: 2F
1-2: DOUBLE (Line Drive, 8LD)
Batting: LHB Juan Acotia 0-0: Ground out 4-3 (Groundball, 4)
Juan Sánchez to third
Batting: SHB Patrick Larson 0-0: Called Strike
0-1: Foul Ball, location: 2F
0-2: Ball
1-2: Ball
2-2: Foul Ball, location: 2F
2-2: Fly out, F9 (Line Drive, 9S)
Batting: RHB Troy Lau 0-0: Swinging Strike
0-1: Reached on error, E5 (Groundball, 5)
Juan Sánchez scores
Batting: LHB Pedro Padilla 0-0: Ball
1-0: Ball
2-0: Swinging Strike
2-1: Foul Ball, location: 2F
2-2: Ball
3-2: Foul Ball, location: 2F
3-2: Foul Ball, location: 2F
3-2: Strikes out looking
Bottom of the 3rd over - 1 run(s), 1 hit(s), 1 error(s), 1 left on base; Detroit 2 - Portland 5
TOP OF THE 4TH
Detroit X-Wings batting - Pitching for Portland Privateers : LHP Pedro Santana
Batting: RHB Domingo Ávila 0-0: Swinging Strike
0-1: SINGLE (Groundball, 4MD)
Batting: RHB Ernesto Acosta 0-0: Grounds into double play, 1-6-3 (Groundball, 13S)
Batting: LHB Jeremy Cox 0-0: Called Strike
0-1: Ground out 5-3 (Groundball, 56S)
Top of the 4th over - 0 run(s), 1 hit(s), 0 error(s), 0 left on base; Detroit 2 - Portland 5
BOTTOM OF THE 4TH
Portland Privateers batting - Pitching for Detroit X-Wings : LHP Javier Duarte
Batting: RHB Jorge Cora 0-0: Ball
1-0: Ball
2-0: Called Strike
2-1: Foul Ball, location: 2F
2-2: Ball
3-2: Fly out, F7 (Flyball, 78S)
Batting: LHB Yasuhiko Onodera 0-0: Ball
1-0: Ball
2-0: Ball
3-0: Called Strike
3-1: Ground out U3 (Groundball, 3S)
Batting: RHB Luther Stoffels 0-0: Ball
1-0: Foul Ball, location: 2F
1-1: Foul Ball, location: 2F
1-2: Ball
2-2: Ball
3-2: SINGLE (Flyball, 78S)
Pitching: RHP Don Brown
Batting: RHB Luis Pineda 0-0: Called Strike
0-1: Fielders Choice at 2nd, U6 (Groundball, 6M)
Bottom of the 4th over - 0 run(s), 1 hit(s), 0 error(s), 1 left on base; Detroit 2 - Portland 5
TOP OF THE 5TH
Detroit X-Wings batting - Pitching for Portland Privateers : LHP Pedro Santana
Batting: LHB Luis Padilla 0-0: Ball
1-0: Ball
2-0: Called Strike
2-1: Ball
3-1: Called Strike
3-2: Base on Balls
Batting: RHB Yoshitsune Kamida 0-0: Ball
1-0: Called Strike
1-1: Foul Ball, location: 2F
1-2: Ball
2-2: Ground out 4-3 (Groundball, 4M)
Luis Padilla to second
Batting: SHB Felipe Detorres 0-0: Ball
1-0: Called Strike
1-1: Ball
2-1: Foul Ball, location: 2F
2-2: Foul Ball, location: 2F
2-2: Foul Ball, location: 2F
2-2: Fly out, F3 (Line Drive, 34)
Batting: RHB Chet Decker 0-0: Called Strike
0-1: Ball
1-1: DOUBLE (Flyball, 8RXD)
Luis Padilla scores
Batting: LHB Juan Jose Pineda 0-0: Ball
1-0: Ball
2-0: Ball
3-0: Ground out 4-3 (Groundball, 4M)
Top of the 5th over - 1 run(s), 1 hit(s), 0 error(s), 1 left on base; Detroit 3 - Portland 5
BOTTOM OF THE 5TH
Portland Privateers batting - Pitching for Detroit X-Wings : RHP Don Brown
Batting: RHB Juan Sánchez 0-0: Ball
1-0: Hit by Pitch
Batting: LHB Juan Acotia 0-0: Fly out, F2 (Popup, 2LF)
Batting: SHB Patrick Larson 0-0: Ball
1-0: Foul Ball, location: 2F
1-1: SINGLE (Groundball, 6MD)
Juan Sánchez to second
Batting: RHB Troy Lau 0-0: Called Strike
0-1: Foul Ball, location: 2F
0-2: Foul Ball, location: 2F
0-2: Ball
1-2: Ball
2-2: Fly out, F3 (Popup, 3F)
Batting: LHB Pedro Padilla 0-0: Ball
1-0: Called Strike
1-1: Ball
2-1: Ball
3-1: Base on Balls
Juan Sánchez to third
Patrick Larson to second
Batting: RHB Jorge Cora 0-0: Called Strike
0-1: SINGLE (Line Drive, 4D)
Juan Sánchez scores
Patrick Larson to third
Pedro Padilla to second
Runner from 3rd tries for Home, SAFE, no throw or cutoff
Batting: LHB Yasuhiko Onodera 0-0: Hit by Pitch
Pedro Padilla to third
Jorge Cora to second
Batting: RHB Luther Stoffels 0-0: Foul Ball, location: 2F
0-1: SINGLE (Line Drive, 56D)
Pedro Padilla scores
Jorge Cora to third
Yasuhiko Onodera to second
Throwing error, E7
Jorge Cora scores
Yasuhiko Onodera to third
Luther Stoffels to second
Batting: RHB Luis Pineda 0-0: Ball
1-0: Called Strike
1-1: Ball
2-1: Called Strike
2-2: Ball
3-2: Foul Ball, location: 2F
3-2: Base on Balls
Batting: RHB Juan Sánchez 0-0: Ball
1-0: Called Strike
1-1: SINGLE (Groundball, 6M)
Yasuhiko Onodera scores
Luther Stoffels to third
Luis Pineda to second
Runner from 3rd tries for Home, SAFE, no throw or cutoff
Pitching: LHP Mike Murray
Batting: LHB Juan Acotia 0-0: Ball
1-0: Fly out, F9 (Flyball, 89S)
Bottom of the 5th over - 6 run(s), 4 hit(s), 1 error(s), 2 left on base; Detroit 3 - Portland 11
TOP OF THE 6TH
Detroit X-Wings batting - Pitching for Portland Privateers : LHP Pedro Santana
Batting: SHB Jaime Montés 0-0: Ball
1-0: Swinging Strike
1-1: Swinging Strike
1-2: Strikes out looking
Batting: RHB Domingo Ávila 0-0: Foul Ball, location: 2F
0-1: Ball
1-1: Fly out, F1 (Popup, 13)
Batting: RHB Ernesto Acosta 0-0: Ball
1-0: Ball
2-0: Ball
3-0: Base on Balls
Batting: LHB Jeremy Cox 0-0: Called Strike
0-1: Fielders Choice at 2nd, 6-4 (Groundball, 6)
Top of the 6th over - 0 run(s), 0 hit(s), 0 error(s), 0 left on base; Detroit 3 - Portland 11
BOTTOM OF THE 6TH
Portland Privateers batting - Pitching for Detroit X-Wings : LHP Mike Murray
Batting: SHB Patrick Larson 0-0: Called Strike
0-1: Ball
1-1: Ball
2-1: Ball
3-1: Base on Balls
Batting: RHB Troy Lau 0-0: Foul Ball, location: 2F
0-1: SINGLE (Groundball, 4MD)
Patrick Larson to second
Batting: LHB Pedro Padilla 0-0: Ball
1-0: Called Strike
1-1: Ball
2-1: Foul Ball, location: 2F
2-2: Foul Ball, location: 2F
2-2: Ball
3-2: Grounds into double play, 5-4-3 (Groundball, 56)
Patrick Larson to third
Batting: RHB Jorge Cora 0-0: Ball
1-0: Ball
2-0: Called Strike
2-1: Ball
3-1: Foul Ball, location: 2F
3-2: Foul Ball, location: 2F
3-2: Foul Ball, location: 2F
3-2: Foul Ball, location: 2F
3-2: DOUBLE (Line Drive, 3D)
Patrick Larson scores
Batting: LHB Yasuhiko Onodera 0-0: Ball
1-0: Ball
2-0: Swinging Strike
2-1: Ball
3-1: Fly out, F7 (Popup, 7S)
Bottom of the 6th over - 1 run(s), 2 hit(s), 0 error(s), 1 left on base; Detroit 3 - Portland 12
TOP OF THE 7TH
Detroit X-Wings batting - Pitching for Portland Privateers : LHP Pedro Santana
Pitching: RHP Blaine Yarbrough
Batting: LHB Luis Padilla 0-0: Called Strike
0-1: Ball
1-1: Foul Ball, location: 2F
1-2: Ground out U3 (Groundball, 3L)
Batting: RHB Yoshitsune Kamida 0-0: Called Strike
0-1: Ball
1-1: Ball
2-1: Ground out U3 (Groundball, 3S)
Batting: SHB Felipe Detorres 0-0: Ball
1-0: Ball
2-0: Foul Ball, location: 2F
2-1: Ball
3-1: Ground out U3 (Groundball, 3L)
Top of the 7th over - 0 run(s), 0 hit(s), 0 error(s), 0 left on base; Detroit 3 - Portland 12
BOTTOM OF THE 7TH
Portland Privateers batting - Pitching for Detroit X-Wings : LHP Mike Murray
Batting: RHB Luther Stoffels 0-0: Ball
1-0: SOLO HOME RUN (Flyball, 78XD), Distance : 398 ft
Batting: RHB Luis Pineda 0-0: Ball
1-0: Ball
2-0: Ball
3-0: Called Strike
3-1: Called Strike
3-2: Fly out, F9 (Line Drive, 89D)
Batting: RHB Juan Sánchez 0-0: Called Strike
0-1: Called Strike
0-2: Ball
1-2: Strikes out looking
Batting: LHB Juan Acotia 0-0: Ball
1-0: Ball
2-0: Fly out, F5 (Popup, 5F)
Bottom of the 7th over - 1 run(s), 1 hit(s), 0 error(s), 0 left on base; Detroit 3 - Portland 13
TOP OF THE 8TH
Detroit X-Wings batting - Pitching for Portland Privateers : RHP Blaine Yarbrough
Batting: RHB Chet Decker 0-0: SINGLE (Line Drive, 34D)
Batting: LHB Juan Jose Pineda 0-0: Ball
1-0: Ball
2-0: SINGLE (Line Drive, 7S)
Chet Decker to second
Batting: SHB Jaime Montés 0-0: Called Strike
0-1: Ball
1-1: Fly out, F8 (Line Drive, 8LM)
Batting: RHB Domingo Ávila 0-0: Swinging Strike
0-1: Ball
1-1: Ball
2-1: Ball
3-1: Foul Ball, location: 2F
3-2: Foul Ball, location: 2F
3-2: Strikes out swinging
Batting: RHB Ernesto Acosta 0-0: Ball
1-0: Foul Ball, location: 2F
1-1: Called Strike
1-2: Foul Ball, location: 2F
1-2: Ball
2-2: Foul Ball, location: 2F
2-2: Reached on error, E5 (Groundball, 56)
Chet Decker to third
Juan Jose Pineda to second
Batting: LHB Jeremy Cox 0-0: Ball
1-0: Ground out U3 (Groundball, 3)
Top of the 8th over - 0 run(s), 2 hit(s), 1 error(s), 3 left on base; Detroit 3 - Portland 13
BOTTOM OF THE 8TH
Portland Privateers batting - Pitching for Detroit X-Wings : LHP Mike Murray
Pitching: RHP John Thompson
Batting: SHB Patrick Larson 0-0: Swinging Strike
0-1: Ball
1-1: Swinging Strike
1-2: Strikes out swinging
Batting: RHB Troy Lau 0-0: Called Strike
0-1: Ball
1-1: Foul Ball, location: 2F
1-2: SOLO HOME RUN (Line Drive, 7LD), Distance : 343 ft
Batting: LHB Pedro Padilla 0-0: Ground out U3 (Groundball, 3S)
Batting: RHB Jorge Cora 0-0: Ball
1-0: Called Strike
1-1: SINGLE (Flyball, 4MD)
Batting: LHB Yasuhiko Onodera 0-0: Called Strike
Jorge Cora steals 2nd base
0-1: Foul Ball, location: 2F
0-2: Foul Ball, location: 2F
0-2: Ball
1-2: Foul Ball, location: 2F
1-2: Strikes out swinging
Bottom of the 8th over - 1 run(s), 2 hit(s), 0 error(s), 1 left on base; Detroit 3 - Portland 14
TOP OF THE 9TH
Detroit X-Wings batting - Pitching for Portland Privateers : RHP Blaine Yarbrough
Batting: LHB Luis Padilla 0-0: Ball
1-0: Ball
2-0: Ball
3-0: Called Strike
3-1: Base on Balls
Batting: RHB Yoshitsune Kamida 0-0: Called Strike
0-1: Ball
1-1: TRIPLE (Line Drive, 9LM)
Luis Padilla scores
Batting: SHB Felipe Detorres 0-0: Fly out, F5 (Line Drive, 56)
0-0: Lined into DP, U5 (Line Drive, 56)
Batting: RHB Chet Decker 0-0: Foul Ball, location: 2F
0-1: Ball
1-1: Ball
2-1: Swinging Strike
2-2: Ground out 6-3 (Groundball, 56)
Top of the 9th over - 1 run(s), 1 hit(s), 0 error(s), 0 left on base; Detroit 4 - Portland 14
Monday, December 5th, 2016 - OOTP Baseball 17.12 Build 75